 Dungeon Crawl Stone Soup version 0.27-a0-1529-g1e82c303ef (webtiles) character file.

Game seed: 14095428959133056407

26 Leszczynek the Skirmisher (level 3, -6/29 HPs)
             Began as a Human Gladiator on July 12, 2021.
             Was a Plaything of Xom.
             Mangled by Terence (8 damage)
             ... on level 2 of the Dungeon.
             The game lasted 00:04:52 (433 turns).

Leszczynek the Skirmisher (Human Gladiator)          Turns: 433, Time: 00:04:52

Health: -6/29      AC:  4    Str: 15    XL:     3   Next: 22%
Magic:  3/3        EV: 12    Int:  8    God:    Xom [..*...]
Gold:   0          SH:  0    Dex: 14    Spells: 2/2 levels left

rFire    . . .     SeeInvis .   a - +0 quarterstaff
rCold    . . .     Faith    .   (shield currently unavailable)
rNeg     . . .     Spirit   .   b - +0 leather armour
rPois    .         Reflect  .   c - +0 helmet
rElec    .         Harm     .   (no cloak)
rCorr    .         Rampage  .   (no gloves)
Will     .....                  (no boots)
Stlth    ..........             (no amulet)
HPRegen  0.09/turn              (no ring)
MPRegen  0.08/turn              (no ring)

@: silenced
A: no striking features
a: Renounce Religion


You were on level 2 of the Dungeon.
You worshipped Xom.
You were a toy of Xom.
You visited 1 branch of the dungeon, and saw 2 of its levels.

Inventory:

Hand Weapons
 a - a +0 quarterstaff (weapon)
Armour
 b - a +0 leather armour (worn)
 c - a +0 helmet (worn)
Scrolls
 e - a scroll of blinking {unknown}
 f - 2 scrolls of identify {unknown}


   Skills:
 + Level 3.4 Fighting
 - Level 3.0 Staves
 - Level 2.0 Throwing
 - Level 3.0 Dodging


You had 2 spell levels left.
You didn't know any spells.
Your spell library was empty.

Dungeon Overview and Level Annotations

Branches:
Dungeon (2/15)

Altars:
Ru
Xom

Shops:
D:2 (=

Annotations:
D:2 Terence


Message History

Terence is caught in the net!
Terence struggles against the net.
Terence struggles against the net.
You hit Terence but do no damage.
Terence struggles against the net.
You catch the helpless Terence completely off-guard!
You hit Terence but do no damage.
Terence struggles against the net.
You catch the helpless Terence completely off-guard!
You hit Terence but do no damage.
Terence struggles against the net. x2
You hit Terence.
Terence is moderately wounded.
Terence struggles against the net.
The net rips apart, and Terence comes free!
Throw: 2 throwing nets
Press: ? - help, Q - select action Shift-Dir - straight line, f/p - Terence
Aim: Terence, wielding a +3 mace of protection and wearing a +0 ring mail (moderately wounded, 64% to hit)
You throw a throwing net.
The throwing net closely misses Terence.
Throw: throwing net
Press: ? - help, Q - select action Shift-Dir - straight line, f/p - Terence
Aim: Terence, wielding a +3 mace of protection and wearing a +0 ring mail (moderately wounded, 64% to hit)
You throw a throwing net. The throwing net hits Terence.
Terence is caught in the net!
Terence is moderately wounded.
Terence struggles against the net.
You hit Terence but do no damage.
Terence is moderately wounded.
Terence struggles against the net. x2
You hit Terence but do no damage.
Terence is moderately wounded.
Terence struggles against the net.
The net rips apart, and Terence comes free!
You hit Terence.
Terence is moderately wounded.
Terence hits you with a +3 mace of protection!
* * * LOW HITPOINT WARNING * * *
As you read the scroll labelled CEKEX ZUISUVIJA, it crumbles to dust.
A profound silence engulfs you.
It was a scroll of silence.
Terence hits you with a +3 mace of protection!
You die...
Xom howls with laughter!

#.# .#
#...####.#
#.# #
#........#
#..
..#..#######
#.#......#
#.##.###.#
## #..#.#
..#(.#.#
...#.#
.#####.#@#
.......@.#
##########


You could see Terence.

Vanquished Creatures
  An adder zombie (D:2)
  A worm (D:2)
  3 endoplasms
  A goblin (D:2)
  A hobgoblin (D:1)
  2 jackals (D:2)
  A quokka (D:1)
  2 ball pythons
  A bat (D:2)
  2 frilled lizards
  4 kobolds
  A rat (D:2)
20 creatures vanquished.

Notes
Turn   | Place    | Note
-------+----------+-------------------------------------------
     0 | D:1      | Leszczynek the Human Gladiator began the quest for the Orb.
     0 | D:1      | Reached XP level 1. HP: 16/16 MP: 1/1
    64 | D:1      | Reached XP level 2. HP: 10/23 MP: 2/2
   141 | D:1      | Found a faded altar of an unknown god.
   152 | D:1      | Reached skill level 3 in Fighting
   167 | D:1      | Became a worshipper of Xom of Chaos
   208 | D:2      | Found Biycuwk's Jewellery Emporium.
   210 | D:2      | Found a sacrificial altar of Ru.
   245 | D:2      | XOM: butterfly on damage
   253 | D:2      | Found Deta's Weapon Emporium.
   261 | D:2      | HP: 2/24 [jackal (3)]
   264 | D:2      | Reached XP level 3. HP: 2/29 MP: 3/3
   345 | D:2      | XOM: silly message
   415 | D:2      | Noticed Terence
   432 | D:2      | HP: 2/29 [Terence (9)]
   433 | D:2      | Mangled by Terence

Illustrated notes

Levels and vault maps discovered:
D:1:      ncdulo_lavacross, layout_rooms, ebering_ecumenical_altar_petrified
D:2:      minmay_evil_eye, layout_basic, basic_altar, serial_shops, shop_coins,
          nicolae_shop_window_shopping, shop_fountains, shop,
          nicolae_shop_waterfront, serial_undead, serial_undead_b,
          serial_undead_e, serial_undead_e, serial_undead_b, serial_undead_b,
          serial_undead_e, uniq_terence

Skill      XL: |  1  2 |
---------------+-------+-----
Fighting       | 3 |  3.4
Staves         | |  3.0
Throwing       | |  2.0
Dodging        | |  3.0

Action                   || total
-------------------------++-------
Melee: Quarterstaff      ||    59
Throw: Throwing net      ||     3
  Use: Scroll            ||     1
 Stab: Sleeping          ||     1
       Held in net/web   ||     2
Armor: Leather armour    ||     8
Dodge: Dodged            ||    33

Table legend: (Time is in decaauts)
 A = Elapsed time spent in this place.
 B = Non-inter-level travel time spent in this place.
 C = Inter-level travel time spent in this place.
 D = Time resting spent in this place.
 E = Time spent auto-exploring this place.
 F = Levels seen in this place.
 G = Mean time per level.
                   A        B        C        D        E       F      G
               +--------+--------+--------+--------+--------+-----+--------+
         Total |    462 |    462 |      0 |      0 |      0 |   2 |  231.0 |
       Dungeon |    462 |    462 |      0 |      0 |      0 |   2 |  231.0 |
               +--------+--------+--------+--------+--------+-----+--------+

Top non-repeatable levels by time:
     D:2: 313 daAuts
     D:1: 149 daAuts
